 Dungeon Crawl Stone Soup version 0.18.1-48-g4cf74bf (webtiles) character file.

30 ololoev the Firebug (level 3, -1/19 HPs)
             Began as a Deep Elf Fire Elementalist on July 25, 2016.
             Slain by an orc
             ... wielding a +0 flail
              (6 damage)
             ... on level 4 of the Dungeon.
             The game lasted 00:02:16 (240 turns).

ololoev the Firebug (Deep Elf Fire Elementalist)     Turns: 240, Time: 00:02:17

Health: -1/19      AC:  2    Str:  5    XL:     3   Next: 5%
Magic:  0/10       EV: 13    Int: 20    God:
Gold:   23         SH:  0    Dex: 15    Spells: 3 memorised, 2 levels left

rFire  . . .     SeeInvis .     (no weapon)
rCold  . . .     Gourm    .     a - +0 robe
rNeg   . . .     Faith    .     (no shield)
rPois  .         Spirit   .     (no helmet)
rElec  .         Dismiss  .     (no cloak)
rCorr  .         Reflect  .     (no gloves)
SustAt .         Harm     .     (no boots)
MR     .....                    (no amulet)
Stlth  ++........               (no ring)
                                (no ring)

@: not resistant to hostile enchantments, unstealthy
A: no striking features
a: no special abilities

Inventory:

Armour
 a - a +0 robe (worn)
Scrolls
 e - a scroll of fog {unknown}
Books
 b - a book of Flames

   Spells                             Type                      Level
   a - Flame Tongue                   Conjuration/Fire             1
   b - Throw Flame                    Conjuration/Fire             2
   c - Conjure Flame                  Conjuration/Fire             3
   d - Inner Flame                    Hexes/Fire                   3
   e - Sticky Flame                   Conjuration/Fire             4
   f - Fireball                       Conjuration/Fire             5
Comestibles
 c - a bread ration
 d - a royal jelly


   Skills:
 - Level 2.4 Dodging
 - Level 2.4 Stealth
 + Level 3.5 Spellcasting
 * Level 2.5 Conjurations
 + Level 3.6 Fire Magic


You had 2 spell levels left.
You knew the following spells:

 Your Spells              Type           Power        Failure   Level  Hunger
a - Flame Tongue          Conj/Fire      ###..        4%          1    None
b - Conjure Flame         Conj/Fire      ###.....     14%         3    ###....
e - Inner Flame           Hex/Fire       ##......     21%         3    ###....


You were on level 4 of the Dungeon.
You were not hungry.

You visited 1 branch of the dungeon, and saw 4 of its levels.

You collected 23 gold pieces.

#.....o.o...#
###########.#
#.# #.# #o#
#.# #.#
#.####


#ooo@# ######

Notes
Turn   | Place    | Note
--------------------------------------------------------------
     0 | D:1      | ololoev the Deep Elf Fire Elementalist began the quest for the Orb.
     0 | D:1      | Reached XP level 1. HP: 10/10 MP: 6/6
    96 | D:3      | Noticed Ijyb
   108 | D:3      | Killed Ijyb
   108 | D:3      | Reached XP level 2. HP: 6/15 MP: 0/8
   140 | D:4      | Found a shattered altar of Ashenzari.
   168 | D:4      | Reached XP level 3. HP: 9/19 MP: 0/10
   173 | D:4      | Learned a level 3 spell: Conjure Flame
   177 | D:4      | Learned a level 3 spell: Inner Flame
   240 | D:4      | Slain by an orc

Dungeon Overview and Level Annotations

Branches:
Dungeon (4/15)
 Temple: D:4-7

Altars:
Ashenzari


Message History

Found 17 gold pieces.
An orc and an orc priest come into view.
The orc shouts!
Found a scroll labeled OSENAY ULUNGOU.
There is an open door here.
The orc shouts! x2
You close the door.
An orc opens the door.
Casting: Flame Tongue
Confirm with . or Enter, or press ? or * to list all spells.
Aiming: Flame Tongue
Press: ? - help, Shift-Dir - straight line, f - orc
Aim: an orc, wielding a flail and wearing a ring mail The flame tongue hits the orc.
The orc appears unharmed.
Casting: Flame Tongue
Confirm with . or Enter, or press ? or * to list all spells.
Aiming: Flame Tongue
Press: ? - help, Shift-Dir - straight line, f/p - orc
Aim: an orc, wielding a flail and wearing a ring mail You miscast Flame Tongue.
You are very lightly contaminated with residual magic.
Strange energies run through your body.
Casting: Flame Tongue
Confirm with . or Enter, or press ? or * to list all spells.
Aiming: Flame Tongue
Press: ? - help, Shift-Dir - straight line, f/p - orc
Aim: an orc, wielding a flail and wearing a ring mail The flame tongue hits the orc.
The orc appears unharmed.
The orc hits you with a flail!
Casting: Flame Tongue
Confirm with . or Enter, or press ? or * to list all spells.
Aiming: Flame Tongue
Press: ? - help, Shift-Dir - straight line, f/p - orc
Aim: an orc, wielding a flail and wearing a ring mail The flame tongue hits the orc.
The orc is heavily wounded.
The orc barely misses you. The orc closely misses you.
Casting: Flame Tongue
Confirm with . or Enter, or press ? or * to list all spells.
Aiming: Flame Tongue
Press: ? - help, Shift-Dir - straight line, f/p - orc
Aim: an orc, wielding a flail and wearing a ring mail (heavily wounded)
The flame tongue hits the orc.
The orc is moderately wounded.
The orc misses you.
Casting: Flame Tongue
Confirm with . or Enter, or press ? or * to list all spells.
Aiming: Flame Tongue
Press: ? - help, Shift-Dir - straight line, f/p - orc
Aim: an orc, wielding a flail and wearing a ring mail (heavily wounded)
The flame tongue hits the orc.
You kill the orc!
Your magical contamination has completely faded away.
Casting: Flame Tongue
Confirm with . or Enter, or press ? or * to list all spells.
Aiming: Flame Tongue
Press: ? - help, Shift-Dir - straight line, f/p - orc
Aim: an orc, wielding a flail and wearing a ring mail (heavily wounded)
The flame tongue misses the orc.
The flame tongue hits the orc.
The orc appears unharmed.
Casting: Flame Tongue
Confirm with . or Enter, or press ? or * to list all spells.
Aiming: Flame Tongue
Press: ? - help, Shift-Dir - straight line, f - orc, p - orc
Aim: an orc, wearing a ring mail The flame tongue misses the orc.
The flame tongue hits the orc.
The orc is severely wounded.
The orc closely misses you.
There is a stone staircase leading up here.
You hit the orc but do no damage.
The orc is heavily wounded.
The orc closely misses you.
You hit the orc but do no damage.
The orc is heavily wounded.
The orc barely misses you.
You closely miss the orc.
The orc is heavily wounded.
The orc hits you with a flail.
You die...

You could see 3 orcs.

Vanquished Creatures
  Ijyb (D:3)
  A giant gecko (D:4)
  An orc (D:4)
  A hobgoblin (D:3)
  A bat (D:1)
  A giant newt (D:1)
  A quokka skeleton (D:4)
7 creatures vanquished.

Vanquished Creatures (others)
  A bat (D:3)
  A goblin (D:3)
2 creatures vanquished.

Grand Total: 9 creatures vanquished

Action                   || total
-------------------------++-------
Melee: Unarmed           ||     4
 Cast: Flame Tongue      ||    23
Armor: Robe              ||     2
Dodge: Dodged            ||     9

Vault maps used:
D:1:      saegor_arrival_simple_d
D:2:      kennysheep_six_static_rooms, overflow_temple_1_default,
          overflow_temple_1_default
D:3:      fiery_altar_vehumet, uniq_iyjb, uniq_grinder, uniq_robin, uniq_natasha
D:4:      first_bread, st_stairs_9, cheibrodos_ashenzari_chains, uniq_duvessa
